 Dungeon Crawl Stone Soup version 0.21-a0-94-gdd6ab6a (webtiles) character file.

151 grindst0ne the Charmwright (level 5, -6/42 HPs)
             Began as a Barachi Skald on July 3, 2017.
             Was an Initiate of Trog.
             Mangled by sagitran's ghost (7 damage)
             ... on level 3 of the Dungeon on July 4, 2017.
             The game lasted 00:11:12 (3859 turns).

grindst0ne the Charmwright (Barachi Skald)          Turns: 3859, Time: 00:11:13

Health: -6/42      AC:  8    Str: 16    XL:     5   Next: 33%
Magic:  8/8        EV: 12    Int: 14    God:    Trog [......]
Gold:   106        SH:  0    Dex: 11    Spells: 5/8 levels left

rFire    . . .     SeeInvis +   a - +1 hand axe
rCold    . . .     Gourm    .   (no shield)
rNeg     . . .     Faith    .   b - +0 leather armour
rPois    +         Spirit   .   (no helmet)
rElec    .         Reflect  .   (no cloak)
rCorr    .         Harm     .   z - +2 pair of gloves {Str+3}
MR       .....                  v - +1 pair of boots
Stlth    +.........             (no amulet)
HPRegen  0.14/turn              t - ring of see invisible
MPRegen  0.11/turn              u - ring of poison resistance

@: slow
A: +LOS, swims, slowness 1, strong legs 1
a: Hop, Burn Spellbooks, Renounce Religion


You were on level 3 of the Dungeon.
You worshipped Trog.
Trog was noncommittal.
You were not hungry.

You visited 1 branch of the dungeon, and saw 3 of its levels.

You collected 106 gold pieces.

Inventory:

Hand Weapons
 a - a +1 hand axe (weapon)
Missiles
 k - 75 stones (quivered)
Armour
 b - a +0 leather armour (worn)
 l - a +0 chain mail
 v - a +1 pair of boots (worn)
 w - a +0 robe
 z - a +2 pair of gloves of strength (worn)
Jewellery
 t - a ring of see invisible (left hand)
 u - a ring of poison resistance (right hand)
 x - an uncursed amulet of regeneration {unknown}
Scrolls
 h - a scroll of teleportation
Potions
 e - a potion of invisibility
 f - a potion of agility {unknown}
 g - a potion of magic
 i - 2 potions of heal wounds
 o - a potion of curing {unknown}
 q - a potion of degeneration {unknown}
 r - a potion of lignification {unknown}
Books
 c - a book of Battle

   Spells                             Type                      Level
   a - Infusion                       Charms                       1
   b - Shroud of Golubria             Charms/Translocation         2
   c - Song of Slaying                Charms                       2
   d - Spectral Weapon                Hexes/Charms                 3
   e - Regeneration                   Charms/Necromancy            3
   Trog disapproves of the use of such an item.
Comestibles
 d - a bread ration
 j - 2 meat rations
 m - a fruit
 s - a royal jelly


   Skills:
 + Level 4.2 Fighting
 - Level 2.1 Axes
 - Level 3.0 Armour
 - Level 2.1 Dodging
 - Level 2.1 Spellcasting
 - Level 4.8 Charms


You had 5 spell levels left.
You knew the following spells:

 Your Spells              Type           Power        Failure   Level  Hunger
a - Infusion              Chrm           ###.         3%          1    #......
b - Song of Slaying       Chrm           ###.....     5%          2    ###....


Dungeon Overview and Level Annotations

Branches:
Dungeon (3/15)

Altars:
Trog

Annotations:
D:2 exclusion: downstairs
D:3 sagitran's ghost, amateur TeAE


Innate Abilities, Weirdness & Mutations

Shadows flee at your approach. (+LOS)
You can swim through water.
You cover ground slowly.
You can hop short distances.


Message History

Sagitran's ghost hits you but does no damage.
Sagitran's ghost hits you. Sagitran's ghost closely misses you.
Sagitran's ghost lets out a mournful wail.
Sagitran's ghost hits you but does no damage.
Sagitran's ghost barely misses you. Sagitran's ghost hits you.
Sagitran's ghost hits you!
Sagitran's ghost wails.
Sagitran's ghost hits you but does no damage.
Sagitran's ghost hits you. Sagitran's ghost hits you.
* * * LOW HITPOINT WARNING * * *
Sagitran's ghost says, "You will join me soon!"
Sagitran's ghost hits you!
* * * LOW HITPOINT WARNING * * *
Sagitran's ghost barely misses you. Sagitran's ghost completely misses you.
Sagitran's ghost hits you!
You die...

#.##............
#.##...#######..
#.##............
###.##...####.....
##........####.####
##..............
#.. #.........#....
#.# #..W......#...
#.# #..@......#...
#. #..<......#.. #.
#........(# ..
#.........# ..
#........... #.
............. #.
#.............#
#........?..... #.
###..........# #


You could see sagitran's ghost.

Vanquished Creatures
  A gnoll (D:1)
  3 adders
  2 oozes
  4 worms (D:2)
  A leopard gecko (D:3)
  3 orcs
  6 giant cockroaches
  13 hobgoblins
  2 jackals (D:1)
  11 kobolds
  A ball python (D:1)
  17 bats
  4 frilled lizards
  12 goblins
  7 rats
87 creatures vanquished.

Notes
Turn   | Place    | Note
-------+----------+-------------------------------------------
     0 | D:1      | grindst0ne the Barachi Skald began the quest for the Orb.
     0 | D:1      | Reached XP level 1. HP: 17/17 MP: 3/3
   380 | D:1      | Reached XP level 2. HP: 22/23 MP: 5/5
   573 | D:1      | Learned a level 2 spell: Song of Slaying
   680 | D:1      | Reached XP level 3. HP: 29/29 MP: 6/6
  1423 | D:2      | Reached XP level 4. HP: 34/35 MP: 7/7
  2421 | D:2      | Found a bloodstained altar of Trog.
  2495 | D:2      | Reached XP level 5. HP: 42/42 MP: 8/8
  2730 | D:3      | Noticed sagitran's ghost (amateur TeAE)
  3718 | D:2      | Became a worshipper of Trog the Wrathful
  3856 | D:3      | HP: 1/42 [sagitran's ghost (8)]
  3859 | D:3      | Mangled by sagitran's ghost

Vault maps used:
D:1:      minmay_arrival_hallway, minmay_tetromino_l2
D:2:      nicolae_overflow_hidden_temple
D:3:      first_bread, minmay_door_square

Skill      XL: |  1  2  3  4  5 |
---------------+----------------+-----
Armour         | 2 3 |  3.0
Fighting       | 3 4 |  4.2
Charms         | 4 |  4.8
Axes           | |  2.1
Dodging        | |  2.1
Spellcasting   | |  2.1

Action                   |  1- 3 |  4- 6 || total
-------------------------+-------+-------++-------
Melee: Hand axe          |   142 |   179 ||   321
 Cast: Infusion          |     5 |     6 ||    11
       Song of Slaying   |     1 |     3 ||     4
  Use: Scroll            |       |    11 ||    11
  Eat: Chunk             |     2 |     9 ||    11
Armor: Leather armour    |    63 |    21 ||    84
       Robe              |       |    47 ||    47
Dodge: Dodged            |   130 |   139 ||   269
